 Dungeon Crawl Stone Soup version 0.22.1-1-ga44c0e5 (webtiles) character file.

2216 magicm the Carver (level 9, -10/68 HPs)
             Began as a Human Fighter on Nov 10, 2018.
             Mangled by a two-headed ogre
             ... wielding a +0 giant club
              (23 damage)
             ... on level 8 of the Dungeon.
             The game lasted 00:27:15 (5035 turns).

magicm the Carver (Human Fighter)                   Turns: 5035, Time: 00:27:15

Health: -10/68     AC: 12    Str: 17    XL:     9   Next: 61%
Magic:  9/9        EV:  9    Int: 11    God:
Gold:   320        SH: 10    Dex: 13    Spells: 8/8 levels left

rFire    + + .     SeeInvis .   a - +0 long sword
rCold    + . .     Gourm    .   c - +0 shield
rNeg     . . .     Faith    .   e - +4 scale mail {rF+}
rPois    .         Spirit   .   i - +0 helmet
rElec    .         Reflect  .   y - scarf {rC+ rF+}
rCorr    .         Harm     .   (no gloves)
MR       .....                  (no boots)
Stlth    ..........             f - amulet of regeneration
HPRegen  0.61/turn              q - +3 ring of slaying
MPRegen  0.11/turn              (no ring)

@: no status effects
A: no striking features
a: no special abilities


You were on level 8 of the Dungeon.
You were not hungry.

You visited 1 branch of the dungeon, and saw 8 of its levels.

You collected 320 gold pieces.

Inventory:

Hand Weapons
 a - a +0 long sword (weapon)
 s - a cursed +2 mace
Armour
 b - a +0 scale mail
 c - a +0 shield (worn)
 e - a +4 scale mail of fire resistance (worn)
 i - a +0 helmet (worn)
 j - a +3 leather armour of positive energy
 l - a +0 plate armour
 y - a scarf of resistance (worn)
Jewellery
 f - an amulet of regeneration (around neck)
 q - a +3 ring of slaying (left hand)
Wands
 p - a wand of flame (17)
 v - a wand of disintegration (14)
Scrolls
 g - 5 scrolls of remove curse
 u - 2 scrolls of teleportation
 w - a scroll of fear
Potions
 d - 3 potions of might
 h - a potion of agility
 k - a potion of invisibility
 m - 2 potions of ambrosia
 n - 2 potions of berserk rage {unknown}
 r - 2 potions of heal wounds
 t - a potion of brilliance {unknown}
 x - a potion of mutation {unknown}
Comestibles
 o - 3 rations


   Skills:
 + Level 5.3 Fighting
 + Level 8.0 Long Blades
 + Level 5.7 Armour
 + Level 3.0 Dodging
 + Level 0.5 Stealth
 + Level 6.3 Shields
 + Level 0.2 Evocations


You had 8 spell levels left.
You didn't know any spells.
Your spell library was empty.

Dungeon Overview and Level Annotations

Branches:
Dungeon (8/15)             Temple (0/1) D:4
   Lair: D:8-11

Altars:
Cheibriados
Gozag
Hepliaklqana
Kikubaaqudgha
Makhleb
Qazlal
Zin

Shops:
D:6 }


Message History

An adder zombie comes into view.
You hit the two-headed ogre.
The two-headed ogre is lightly wounded.
You block the two-headed ogre's attack. The two-headed ogre barely misses you.
You slash the two-headed ogre!
The two-headed ogre is moderately wounded.
The two-headed ogre hits you with a giant club!!
The two-headed ogre hits you with a giant club!
You barely miss the two-headed ogre.
The two-headed ogre is moderately wounded.
You block the two-headed ogre's attack.
The two-headed ogre hits you with a giant club!
* * * LOW HITPOINT WARNING * * *
The orc hits you but does no damage.
You slash the two-headed ogre!
The two-headed ogre is heavily wounded.
The orc hits you.
* * * LOW HITPOINT WARNING * * *
The two-headed ogre hits you with a giant club!!
You die...

..........
#........
#.......
#......
#####.....#
#......Z..##
#....o...##
#...O@.<..##
#..#.......## #
#...?.....#
#......##.....#
#.....##
#...... #.#...#
#..... . ##..
##... .... ...
....


You could see a two-headed ogre, an orc and an adder zombie.

Vanquished Creatures
  Harold (D:7)
  Eustachio (D:4)
  2 phantoms
  An ice beast (D:5)
  A black bear (D:4)
  A bullfrog (D:7)
  4 wights (D:6)
  A howler monkey (D:7)
  2 vampire bats (D:6)
  A bullfrog zombie (D:5)
  A centaur zombie (D:7)
  3 hounds
  A jelly (D:6)
  Terence (D:3)
  A bullfrog skeleton (D:4)
  An iguana (D:5)
  4 orc wizards
  A worker ant (D:5)
  A hound skeleton (D:6)
  A gnoll (D:1)
  10 adders
  2 shadow imps
  An ooze (D:2)
  An adder skeleton (D:4)
  3 worms
  2 dart slugs
  4 leopard geckos
  21 orcs
  3 bat skeletons (D:6)
  4 bat zombies (D:6)
  4 giant cockroaches (D:3)
  10 goblins
  6 hobgoblins
  14 jackals
  6 kobolds
  10 quokkas
  2 ball pythons
  7 bats
  2 frilled lizards
  2 giant cockroach zombies (D:5)
  9 rats
153 creatures vanquished.

Vanquished Creatures (others)
  An orc wizard (D:4)
1 creature vanquished.

Grand Total: 154 creatures vanquished

Notes
Turn   | Place    | Note
-------+----------+-------------------------------------------
     0 | D:1      | magicm the Human Fighter began the quest for the Orb.
     0 | D:1      | Reached XP level 1. HP: 18/18 MP: 1/1
   111 | D:1      | Reached XP level 2. HP: 23/24 MP: 2/2
   287 | D:1      | Reached XP level 3. HP: 23/29 MP: 3/3
   949 | D:2      | Reached XP level 4. HP: 18/35 MP: 4/4
  1182 | D:2      | Found a faded altar of an unknown god.
  1413 | D:3      | Noticed Terence
  1436 | D:3      | Killed Terence
  1436 | D:3      | Reached XP level 5. HP: 24/42 MP: 5/5
  1539 | D:3      | Reached skill level 3 in Long Blades
  2277 | D:4      | Reached skill level 1 in Dodging
  2277 | D:4      | Reached XP level 6. HP: 28/48 MP: 6/6
  2466 | D:4      | Noticed Eustachio
  2494 | D:4      | Killed Eustachio
  2524 | D:4      | Reached skill level 4 in Long Blades
  2524 | D:4      | Reached XP level 7. HP: 44/53 MP: 7/7
  2756 | D:4      | Found a staircase to the Ecumenical Temple.
  2903 | D:4      | Reached skill level 5 in Long Blades
  2941 | D:5      | Entered Level 5 of the Dungeon
  3015 | D:5      | Reached XP level 8. HP: 29/60 MP: 8/8
  3295 | D:5      | Found a stormy altar of Qazlal.
  3343 | D:5      | Found a faded altar of an unknown god.
  3343 | D:5      | Found a snail-covered altar of Cheibriados.
  3348 | D:5      | Found a faded altar of an unknown god.
  3351 | D:5      | Found a hazy altar of Hepliaklqana.
  3359 | D:5      | Found an opulent altar of Gozag.
  3433 | D:5      | Reached skill level 5 in Shields
  3788 | D:6      | Found an ancient bone altar of Kikubaaqudgha.
  3805 | D:6      | Reached skill level 6 in Long Blades
  4054 | D:6      | Reached skill level 5 in Armour
  4205 | D:6      | Found Suighihi's Gadget Shop.
  4379 | D:7      | Noticed Harold
  4403 | D:7      | Killed Harold
  4403 | D:7      | Reached skill level 5 in Fighting
  4403 | D:7      | Reached skill level 7 in Long Blades
  4403 | D:7      | Reached XP level 9. HP: 21/68 MP: 9/9
  4645 | D:7      | Reached skill level 8 in Long Blades
  4696 | D:7      | Found a burning altar of Makhleb.
  4701 | D:7      | Found a glowing silver altar of Zin.
  4701 | D:7      | Noticed an angel
  4702 | D:7      | Noticed a balrug
  5026 | D:8      | Noticed a two-headed ogre
  5035 | D:8      | Mangled by a two-headed ogre

Skill      XL: |  1  2  3  4  5  6  7  8  9 |
---------------+----------------------------+-----
Shields        | 4 6 |  6.3
Long Blades    | 3 4 5 7 8 |  8.0
Dodging        | 1 2 3 |  3.0
Armour         | 4 5 |  5.7
Fighting       | 4 5 |  5.3
Stealth        | |  0.5
Evocations     | |  0.2

Action                   |  1- 3 |  4- 6 |  7- 9 || total
-------------------------+-------+-------+-------++-------
Melee: Long sword        |   129 |   315 |   364 ||   808
Evoke: Wand              |       |       |     1 ||     1
  Use: Scroll            |     2 |     9 |     5 ||    16
       Potion            |       |     2 |       ||     2
  Eat: Ration            |       |     2 |     3 ||     5
Armor: Scale mail        |    49 |   116 |   201 ||   366
       Plate armour      |     6 |    87 |       ||    93
Dodge: Dodged            |    40 |    82 |   118 ||   240
Block: Shield            |    66 |   168 |   190 ||   424
       Rpst.: Long sword |    17 |    29 |    33 ||    79
